SAAA
TORTOLITA DRUMMERS @ CALGARY LYNX
07/12/2028
 
TOP OF THE 1ST
Tortolita Drummers batting - Pitching for Calgary Lynx : LHP Héctor Cortéz
Pitching: LHP Héctor Cortéz
Batting: RHB Miguel Canales 0-0: Called Strike
0-1: Swinging Strike
0-2: Fly out, F9 (Line Drive, 89M)
Batting: RHB Jim Burch 0-0: DOUBLE (Line Drive, 9LM)
Batting: SHB Marcos Roa 0-0: Called Strike
0-1: Foul Ball, location: 2F
0-2: Ball
1-2: Ball
2-2: Strikes out swinging
Batting: RHB Keith Best 0-0: Ball
1-0: Ball
2-0: Called Strike
2-1: Foul Ball, location: 2F
2-2: Ball
3-2: Ground out 1-3 (Groundball, 15S)
Top of the 1st over - 0 run(s), 1 hit(s), 0 error(s), 1 left on base; Tortolita 0 - Calgary 0
BOTTOM OF THE 1ST
Calgary Lynx batting - Pitching for Tortolita Drummers : RHP Eduardo Bravo
Pitching: RHP Eduardo Bravo
Batting: RHB Alan Bryan 0-0: Called Strike
0-1: Ball
1-1: Called Strike
1-2: Strikes out swinging
Batting: RHB Álex Estrada 0-0: Ball
1-0: Called Strike
1-1: Swinging Strike
1-2: Ball
2-2: Ground out 5-3 (Groundball, 56)
Batting: LHB Herman Hayes 0-0: Called Strike
0-1: Ball
1-1: SINGLE (Flyball, 6MD)
Batting: RHB Gilberto Rodríguez 0-0: 2-RUN HOME RUN (Line Drive, 7LD), Distance : 377 ft
Batting: RHB José Jarca 0-0: Ball
1-0: Foul Ball, location: 2F
1-1: Ball
2-1: SINGLE (Line Drive, 78S)
Batting: RHB Miguel Rosales 0-0: Ball
José Jarca steals 2nd base
1-0: Called Strike
1-1: Ball
2-1: Fly out, F2 (Popup, 3S)
Bottom of the 1st over - 2 run(s), 3 hit(s), 0 error(s), 1 left on base; Tortolita 0 - Calgary 2
TOP OF THE 2ND
Tortolita Drummers batting - Pitching for Calgary Lynx : LHP Héctor Cortéz
Batting: LHB Ramón García 0-0: Called Strike
0-1: Called Strike
0-2: Ball
1-2: Strikes out looking
Batting: SHB Roberto Mosca 0-0: Called Strike
0-1: Swinging Strike
0-2: Ball
1-2: SOLO HOME RUN (Line Drive, 8LXD), Distance : 440 ft
Batting: RHB Ricardo Pacheco 0-0: Fly out, F3 (Line Drive, 34D)
Batting: RHB Ed Hopkins 0-0: Foul Ball, location: 2F
0-1: Ball
1-1: Fly out, F7 (Flyball, 78S)
Top of the 2nd over - 1 run(s), 1 hit(s), 0 error(s), 0 left on base; Tortolita 1 - Calgary 2
BOTTOM OF THE 2ND
Calgary Lynx batting - Pitching for Tortolita Drummers : RHP Eduardo Bravo
Batting: RHB Jesús Martínez 0-0: Swinging Strike
0-1: Ground out 1-3 (Groundball, 15S)
Batting: RHB Michael Garrett 0-0: Ball
1-0: Foul Ball, location: 2F
1-1: SINGLE (Line Drive, 6MD)
Batting: RHB Juan Martínez 0-0: Fielders Choice at 2nd, 4-6 (Groundball, 4)
Batting: RHB Alan Bryan 0-0: Called Strike
0-1: Reached on error, E5 (Groundball, 56)
Juan Martínez to second
Batting: RHB Álex Estrada 0-0: Ball
1-0: Swinging Strike
1-1: Fielders Choice at 2nd, 6-4 (Groundball, 6)
Bottom of the 2nd over - 0 run(s), 1 hit(s), 1 error(s), 1 left on base; Tortolita 1 - Calgary 2
TOP OF THE 3RD
Tortolita Drummers batting - Pitching for Calgary Lynx : LHP Héctor Cortéz
Batting: LHB Steve Costillo 0-0: Called Strike
0-1: Foul Ball, location: 2F
0-2: SINGLE (Line Drive, 6MD)
Batting: RHB Miguel Canales 0-0: Swinging Strike
0-1: Ball
1-1: Grounds into double play, 6-4-3 (Groundball, 6)
Batting: RHB Jim Burch 0-0: SINGLE (Line Drive, 8RS)
Batting: SHB Marcos Roa 0-0: Called Strike
0-1: Swinging Strike
0-2: Ball
1-2: Ball
2-2: Ball
3-2: Foul Ball, location: 2F
3-2: SINGLE (Groundball, 4MD)
Jim Burch to second
Jim Burch to third
Batting: RHB Keith Best 0-0: Swinging Strike
0-1: Ball
1-1: SINGLE (Groundball, 56D)
Jim Burch scores
Marcos Roa to second
Batting: LHB Ramón García 0-0: Called Strike
0-1: Called Strike
0-2: SINGLE (Line Drive, 34D)
Marcos Roa to third
Keith Best to second
Batting: SHB Roberto Mosca 0-0: Foul Ball, location: 2F
0-1: Ball
1-1: Called Strike
1-2: Ball
Passed Ball!
Marcos Roa scores
Keith Best to third
Ramón García to second
2-2: SINGLE (Groundball, 56) (infield hit)
Keith Best scores
Ramón García to third
Batting: RHB Ricardo Pacheco 0-0: Ball
1-0: Swinging Strike
1-1: Ball
2-1: SINGLE (Line Drive, 56)
Ramón García scores
Roberto Mosca to second
Batting: RHB Ed Hopkins 0-0: Fielders Choice at 2nd, 6-4 (Groundball, 6)
Top of the 3rd over - 4 run(s), 7 hit(s), 0 error(s), 1 left on base; Tortolita 5 - Calgary 2
BOTTOM OF THE 3RD
Calgary Lynx batting - Pitching for Tortolita Drummers : RHP Eduardo Bravo
Batting: LHB Herman Hayes 0-0: Called Strike
0-1: Ball
1-1: SINGLE (Line Drive, 56)
Batting: RHB Gilberto Rodríguez 0-0: Called Strike
0-1: Ball
1-1: Ball
2-1: Foul Ball, location: 2F
2-2: Ball
3-2: Foul Ball, location: 2F
3-2: Base on Balls
Herman Hayes to second
Batting: RHB José Jarca 0-0: Grounds into double play, 4-6-3 (Groundball, 4M)
Herman Hayes to third
Batting: RHB Miguel Rosales 0-0: Swinging Strike
0-1: Ball
1-1: Fly out, F2 (Popup, 13)
Bottom of the 3rd over - 0 run(s), 1 hit(s), 0 error(s), 1 left on base; Tortolita 5 - Calgary 2
TOP OF THE 4TH
Tortolita Drummers batting - Pitching for Calgary Lynx : LHP Héctor Cortéz
Batting: LHB Steve Costillo 0-0: Ball
1-0: Called Strike
1-1: Ball
2-1: Ball
3-1: Foul Ball, location: 2F
3-2: Base on Balls
Batting: RHB Miguel Canales 0-0: Ball
1-0: Hit by Pitch
Steve Costillo to second
Batting: RHB Jim Burch 0-0: Swinging Strike
0-1: Ball
1-1: Ball
2-1: Swinging Strike
2-2: Hit by Pitch
Steve Costillo to third
Miguel Canales to second
Batting: SHB Marcos Roa 0-0: SINGLE (Groundball, 56) (infield hit)
Steve Costillo scores
Miguel Canales to third
Jim Burch to second
Batting: RHB Keith Best 0-0: Called Strike
0-1: Called Strike
0-2: Ball
1-2: Foul Ball, location: 2F
1-2: Ball
2-2: Ball
3-2: Base on Balls
Miguel Canales scores
Jim Burch to third
Marcos Roa to second
Batting: LHB Ramón García 0-0: Called Strike
0-1: Swinging Strike
0-2: Strikes out swinging
Batting: SHB Roberto Mosca 0-0: Called Strike
0-1: Ball
1-1: Ball
2-1: Called Strike
2-2: Foul Ball, location: 2F
2-2: Strikes out swinging
Batting: RHB Ricardo Pacheco 0-0: Swinging Strike
0-1: Ball
1-1: Foul Ball, location: 2F
1-2: SINGLE (Groundball, 4MD)
Jim Burch scores
Marcos Roa to third
Keith Best to second
Runner from 3rd tries for Home, SAFE, throw made home
Keith Best to third
Ricardo Pacheco to second
Pitching: RHP Bill Ball
Batting: RHB Ed Hopkins 0-0: Ground out 6-3 (Groundball, 6)
Top of the 4th over - 4 run(s), 2 hit(s), 0 error(s), 2 left on base; Tortolita 9 - Calgary 2
BOTTOM OF THE 4TH
Calgary Lynx batting - Pitching for Tortolita Drummers : RHP Eduardo Bravo
Batting: RHB Jesús Martínez 0-0: Called Strike
0-1: Ball
1-1: Ball
2-1: Swinging Strike
2-2: Ball
3-2: Base on Balls
Batting: RHB Michael Garrett 0-0: Ball
1-0: Ball
2-0: Foul Ball, location: 2F
2-1: Ball
3-1: Base on Balls
Jesús Martínez to second
Batting: RHB Juan Martínez 0-0: Ball
1-0: SINGLE (Line Drive, 6MD)
Jesús Martínez to third
Michael Garrett to second
Batting: RHB Alan Bryan 0-0: Foul Ball, location: 2F
0-1: Swinging Strike
0-2: Fly out, F8 (Flyball, 8RM)
Runner from 3rd tags up, SCORES, throw made
Batting: RHB Álex Estrada 0-0: Foul Ball, location: 2F
0-1: Ball
1-1: Ground out 5-3 (Groundball, 56S)
Michael Garrett to third
Juan Martínez to second
Batting: LHB Herman Hayes 0-0: Ball
1-0: Foul Ball, location: 2F
1-1: Ball
2-1: Ball
Wild Pitch!
Michael Garrett scores
Juan Martínez to third
3-1: Fly out, F8 (Flyball, 8LS)
Bottom of the 4th over - 2 run(s), 1 hit(s), 0 error(s), 1 left on base; Tortolita 9 - Calgary 4
TOP OF THE 5TH
Tortolita Drummers batting - Pitching for Calgary Lynx : RHP Bill Ball
Batting: LHB Steve Costillo 0-0: Swinging Strike
0-1: Fly out, F4 (Line Drive, 4)
Batting: RHB Miguel Canales 0-0: Called Strike
0-1: SINGLE (Line Drive, 78S)
Batting: RHB Jim Burch 0-0: Ball
Miguel Canales is caught stealing 2nd base
1-0: SINGLE (Line Drive, 7LM)
Batting: SHB Marcos Roa 0-0: Ball
1-0: Foul Ball, location: 2F
1-1: Foul Ball, location: 2F
1-2: Strikes out looking
Top of the 5th over - 0 run(s), 2 hit(s), 0 error(s), 1 left on base; Tortolita 9 - Calgary 4
BOTTOM OF THE 5TH
Calgary Lynx batting - Pitching for Tortolita Drummers : RHP Eduardo Bravo
Batting: RHB Gilberto Rodríguez 0-0: Called Strike
0-1: Called Strike
0-2: Foul Ball, location: 2F
0-2: SOLO HOME RUN (Flyball, 78XD), Distance : 469 ft
Batting: RHB José Jarca 0-0: Called Strike
0-1: Ball
1-1: Ball
2-1: Called Strike
2-2: Fly out, F7 (Flyball, 7D)
Batting: RHB Miguel Rosales 0-0: Ground out 5-3 (Groundball, 5L)
Batting: RHB Jesús Martínez 0-0: Ball
1-0: Swinging Strike
1-1: Ball
2-1: Called Strike
2-2: Ball
3-2: Foul Ball, location: 2F
3-2: Base on Balls
Batting: RHB Michael Garrett 0-0: Ball
1-0: Ball
2-0: Called Strike
2-1: Swinging Strike
2-2: Foul Ball, location: 2F
2-2: Ball
3-2: Base on Balls
Jesús Martínez to second
Pitching: LHP Motoyuki Nakamura
Batting: RHB Juan Martínez 0-0: Ball
1-0: Ball
2-0: Called Strike
2-1: Fly out, F3 (Flyball, 3DF)
Bottom of the 5th over - 1 run(s), 1 hit(s), 0 error(s), 2 left on base; Tortolita 9 - Calgary 5
TOP OF THE 6TH
Tortolita Drummers batting - Pitching for Calgary Lynx : RHP Bill Ball
Batting: RHB Keith Best 0-0: Ball
1-0: Foul Ball, location: 2F
1-1: Fly out, F8 (Flyball, 8LS)
Batting: LHB Ramón García 0-0: Called Strike
0-1: Ball
1-1: SINGLE (Line Drive, 9S)
Batting: SHB Roberto Mosca 0-0: Ball
1-0: Called Strike
1-1: Fielders Choice at 2nd, 4-6 (Groundball, 34)
Batting: RHB Ricardo Pacheco 0-0: Swinging Strike
0-1: Foul Ball, location: 2F
0-2: Strikes out swinging
Top of the 6th over - 0 run(s), 1 hit(s), 0 error(s), 1 left on base; Tortolita 9 - Calgary 5
BOTTOM OF THE 6TH
Calgary Lynx batting - Pitching for Tortolita Drummers : LHP Motoyuki Nakamura
Batting: RHB Alan Bryan 0-0: Ball
1-0: Ball
2-0: Foul Ball, location: 2F
2-1: Ball
3-1: Called Strike
3-2: Foul Ball, location: 2F
3-2: Base on Balls
Batting: RHB Álex Estrada 0-0: Ball
1-0: Called Strike
1-1: Grounds into double play, 6-4-3 (Groundball, 6)
Batting: LHB Herman Hayes 0-0: Ball
1-0: Ball
2-0: Ball
3-0: Base on Balls
Batting: RHB Gilberto Rodríguez 0-0: Swinging Strike
0-1: Called Strike
0-2: Ball
1-2: Ball
2-2: Foul Ball, location: 2F
2-2: Ball
3-2: Base on Balls
Herman Hayes to second
Batting: RHB José Jarca 0-0: Ball
1-0: Ball
2-0: Ball
3-0: Base on Balls
Herman Hayes to third
Gilberto Rodríguez to second
Batting: RHB Miguel Rosales 0-0: Ball
1-0: Fielders Choice at 2nd, 4-6 (Groundball, 4)
Bottom of the 6th over - 0 run(s), 0 hit(s), 0 error(s), 2 left on base; Tortolita 9 - Calgary 5
TOP OF THE 7TH
Tortolita Drummers batting - Pitching for Calgary Lynx : RHP Bill Ball
Batting: RHB Ed Hopkins 0-0: Ball
1-0: Called Strike
1-1: Foul Ball, location: 2F
1-2: Fly out, F4 (Popup, 4M)
Pitching: RHP Job Poppe
Batting: LHB Steve Costillo 0-0: Ball
1-0: Foul Ball, location: 2F
1-1: Ball
2-1: SINGLE (Groundball, 6MD)
Batting: RHB Miguel Canales 0-0: Swinging Strike
0-1: Ball
1-1: Fly out, F8 (Flyball, 8LS)
Batting: RHB Jim Burch 0-0: Called Strike
0-1: Ball
1-1: Ball
2-1: SINGLE (Groundball, 34D)
Steve Costillo to second
Runner from 2nd tries for 3rd, SAFE, throw made to third
Batting: SHB Marcos Roa 0-0: Called Strike
0-1: Ball
1-1: Ball
2-1: Ground out 3-1 (Groundball, 34)
Top of the 7th over - 0 run(s), 2 hit(s), 0 error(s), 2 left on base; Tortolita 9 - Calgary 5
BOTTOM OF THE 7TH
Calgary Lynx batting - Pitching for Tortolita Drummers : LHP Motoyuki Nakamura
Batting: RHB Jesús Martínez 0-0: Ground out 5-3 (Groundball, 5)
Batting: RHB Michael Garrett 0-0: Ground out 5-3 (Groundball, 5S)
Batting: RHB Juan Martínez 0-0: Fly out, F7 (Flyball, 7S)
Bottom of the 7th over - 0 run(s), 0 hit(s), 0 error(s), 0 left on base; Tortolita 9 - Calgary 5
TOP OF THE 8TH
Tortolita Drummers batting - Pitching for Calgary Lynx : RHP Job Poppe
Batting: RHB Keith Best 0-0: Foul Ball, location: 2F
0-1: Swinging Strike
0-2: Strikes out looking
Batting: LHB Ramón García 0-0: Called Strike
0-1: Ball
1-1: Ball
2-1: DOUBLE (Flyball, 8RXD)
Batting: SHB Roberto Mosca 0-0: Called Strike
0-1: Called Strike
0-2: Ball
1-2: Foul Ball, location: 2F
1-2: Foul Ball, location: 2F
1-2: Fly out, F8 (Flyball, 78M)
Batting: RHB Ricardo Pacheco 0-0: Called Strike
0-1: Swinging Strike
0-2: Foul Ball, location: 2F
0-2: Strikes out looking
Top of the 8th over - 0 run(s), 1 hit(s), 0 error(s), 1 left on base; Tortolita 9 - Calgary 5
BOTTOM OF THE 8TH
Calgary Lynx batting - Pitching for Tortolita Drummers : LHP Motoyuki Nakamura
Batting: RHB Alan Bryan 0-0: Ball
1-0: Ground out 5-3 (Groundball, 2L)
Batting: RHB Álex Estrada 0-0: Called Strike
0-1: Ball
1-1: Swinging Strike
1-2: Strikes out swinging
Batting: LHB Herman Hayes 0-0: Ball
1-0: Called Strike
1-1: Ball
2-1: Foul Ball, location: 2F
2-2: Ground out 6-3 (Groundball, 6M)
Bottom of the 8th over - 0 run(s), 0 hit(s), 0 error(s), 0 left on base; Tortolita 9 - Calgary 5
TOP OF THE 9TH
Tortolita Drummers batting - Pitching for Calgary Lynx : RHP Job Poppe
Batting: RHB Ed Hopkins 0-0: Ball
1-0: Foul Ball, location: 2F
1-1: Ball
2-1: SINGLE (Groundball, 4D)
Batting: LHB Steve Costillo 0-0: Sac Bunt - play at first, batter OUT! 2-3
Ed Hopkins to second
Batting: RHB Miguel Canales 0-0: Ball
1-0: Called Strike
1-1: Fly out, F6 (Line Drive, 6)
Batting: RHB Jim Burch 0-0: Ground out 1-3 (Groundball, 13)
Top of the 9th over - 0 run(s), 1 hit(s), 0 error(s), 1 left on base; Tortolita 9 - Calgary 5
BOTTOM OF THE 9TH
Calgary Lynx batting - Pitching for Tortolita Drummers : LHP Motoyuki Nakamura
Pitching: RHP Francis Cahill
Batting: RHB Gilberto Rodríguez 0-0: Ball
1-0: Foul Ball, location: 2F
1-1: Foul Ball, location: 2F
1-2: Ground out 6-3 (Groundball, 6)
Batting: RHB José Jarca 0-0: Called Strike
0-1: Swinging Strike
0-2: Ball
1-2: Ball
2-2: Fly out, F8 (Flyball, 8RM)
Batting: RHB Miguel Rosales 0-0: Called Strike
0-1: Ball
1-1: Ground out 4-3 (Groundball, 4)
Bottom of the 9th over - 0 run(s), 0 hit(s), 0 error(s), 0 left on base; Tortolita 9 - Calgary 5
Tuesday, August 15th, 2017 - OOTP Baseball 17.12 Build 75